 Dungeon Crawl Stone Soup version 0.31-a0-227-ga22c3bf811 (webtiles) character file.

Game seed: 4385106191117489938

740 nataq the Trooper (level 7, -6/56 HPs)
             Began as a Demonspawn Fighter on July 6, 2023.
             Mangled by Prince Ribbit the hornet (10 damage)
             ... on level 5 of the Dungeon.
             The game lasted 00:08:39 (3867 turns).

nataq the Trooper (Demonspawn Fighter)              Turns: 3867, Time: 00:08:39

Health: -6/56      AC: 23    Str: 19    XL:     7   Next: 46%
Magic:  16/16      EV:  9    Int:  9    God:
Gold:   235        SH:  0    Dex: 12    Spells: 6/6 levels left

rFire   . . .        a - +0 war axe (protect)
rCold   . . .        (no shield)
rNeg    . . .        k - +0 chain mail
rPois   .            (no helmet)
rElec   .            g - +0 cloak
rCorr   .            (no gloves)
SInv    .            (no boots)
Will    .....        (no amulet) Stlth
                     n - ring of magical power
HPRegen 0.29/turn    (no ring)
MPRegen 0.15/turn

%: no passive effects
@: lethally poisoned (-6 -> -10), sanguine armoured, under a protective aura,
slowed, very slow
A: foul stench 1, sanguine armour 1, demonic magic 2, weakness stinger 1
a: no special abilities


You were on level 5 of the Dungeon.
You visited 2 branches of the dungeon, and saw 6 of its levels.

You collected 235 gold pieces.

Inventory:

Hand Weapons
 a - a +0 war axe of protection (weapon)
 j - a +2 whip of electrocution
Armour
 g - a +0 cloak (worn)
 k - a +0 chain mail (worn)
 l - a +1 scale mail of fire resistance
Jewellery
 e - an amulet of faith
 n - a ring of magical power (left hand)
Wands
 d - a wand of polymorph (9) (quivered)
 i - a wand of flame (15)
Scrolls
 f - 3 scrolls of identify {@r1}
 h - a scroll of enchant armour
 m - 2 scrolls of enchant weapon
Potions
 c - a potion of attraction


   Skills:
 + Level 5.1 Fighting
 + Level 4.1 Axes
 + Level 4.5 Armour
 + Level 3.5 Dodging
 - Level 2.6 Shields


You had 6 spell levels left.
You didn't know any spells.
Your spell library contained the following spells:

 Spells                   Type           Power      Damage    Failure   Level
 Sandblast                Erth           0%         2d4       97%         1
 Passwall                 Tmut/Erth      0%         N/A       99%         2
 Stone Arrow              Conj/Erth      0%         3d7       100%        3


Dungeon Overview and Level Annotations

Branches:
Dungeon (5/15)             Temple (1/1) D:4

Altars:
Ashenzari
Dithmenos
Hepliaklqana
Okawaru
Qazlal
Sif Muna
Trog
Uskayaw
Vehumet
Wu Jian
Xom
Yredelemnul

Shops:
D:5 (

Annotations:
D:5 Prince Ribbit


Innate Abilities, Weirdness & Mutations

You may rarely emit foul miasma when damaged in melee.
When seriously injured, your blood forms armour. (AC +6)
Spells you cast may paralyse nearby enemies.
You have a small tail.


Message History

You take 2 damage, and have 44/56 hp.
Unknown command.
You slash Prince Ribbit!
Your weapon exudes an aura of protection.
Prince Ribbit is heavily wounded.
You feel very sick. Prince Ribbit stings you!
Your blood congeals into armour.
You are more poisoned.
You feel as though you will be slow longer.
Prince Ribbit stings you but does no damage.
Prince Ribbit closely misses you.
You take 12 damage, and have 32/56 hp.
MASSIVE DAMAGE!!
Unknown command.
You hit Prince Ribbit but do no damage.
Prince Ribbit is heavily wounded.
You feel extremely sick. Prince Ribbit stings you.
You feel as though you will be slow longer.
Prince Ribbit stings you but does no damage.
Prince Ribbit stings you!
* * * LOW HITPOINT WARNING * * *
You feel as though you will be slow longer.
You take 22 damage, and have 10/56 hp.
MASSIVE DAMAGE!!
Unknown command.
You barely miss Prince Ribbit. You tail-slap Prince Ribbit.
Prince Ribbit is heavily wounded.
* * * LOW HITPOINT WARNING * * *
You feel very sick. Prince Ribbit stings you.
* * * LOW HITPOINT WARNING * * *
You feel as though you will be slow longer.
Prince Ribbit stings you but does no damage.
Prince Ribbit barely misses you.
Unknown command.
You take 4 damage, and have 6/56 hp.
You hit Prince Ribbit.
Prince Ribbit is severely wounded.
* * * LOW HITPOINT WARNING * * *
You feel sick. Prince Ribbit completely misses you. Prince Ribbit stings you!
You die...

#..# .... #..#
#......... ##.##
#......... #...###
#.......#
##.....#####......!#
#.........##......#
#..###.............#
#..#
####.........##..
#..# ###...@y.....#
..# ###..(....## .#
##.....## ...
#.##..# .... ### .##
#.... # #.....
...... #......
######.......


You could see Prince Ribbit the hornet.

Vanquished Creatures
  Grinder (D:3)
  Duvessa (D:5)
  A scorpion (D:5)
  Dowan (D:5)
  A jelly (D:4)
  An iguana (D:5)
  An orc wizard (D:4)
  Natasha (thrice) (D:2)
  3 adders
  4 gnolls (D:4)
  2 white imps (D:5)
  A worm (D:2)
  16 orcs
  5 endoplasms
  2 giant cockroaches
  6 goblins
  7 hobgoblins
  2 quokkas (D:1)
  4 ball pythons
  3 bats
  4 frilled lizards
  4 kobolds
  3 rats
76 creatures vanquished.

Vanquished Creatures (others)
  A golden eye (D:4)
1 creature vanquished.

Grand Total: 77 creatures vanquished

Notes
Turn   | Place    | Note
-------+----------+-------------------------------------------
     0 | D:1      | nataq the Demonspawn Fighter began the quest for the Orb.
     0 | D:1      | Reached XP level 1. HP: 18/18 MP: 1/1
   257 | D:1      | Gained mutation: Spells you cast may paralyse adjacent
                  | enemies. [demonic ancestry]
   257 | D:1      | Reached XP level 2. HP: 24/24 MP: 2/2
   782 | D:2      | Reached skill level 1 in Dodging
   782 | D:2      | Gained mutation: When seriously injured, your blood forms
                  | armour. (AC +6) [demonic ancestry]
   782 | D:2      | Reached XP level 3. HP: 9/29 MP: 3/3
   910 | D:2      | Noticed Natasha
   928 | D:2      | Killed Natasha
   941 | D:2      | Noticed Natasha
   966 | D:2      | Killed Natasha
   967 | D:2      | Reached XP level 4. HP: 8/37 MP: 4/4
   989 | D:2      | Noticed Natasha
  1004 | D:2      | Killed Natasha
  1937 | D:3      | Noticed Grinder
  1951 | D:3      | Killed Grinder
  1952 | D:3      | Reached skill level 4 in Fighting
  1952 | D:3      | Gained mutation: You may rarely emit foul miasma when
                  | damaged in melee. [demonic ancestry]
  1952 | D:3      | Reached XP level 5. HP: 23/43 MP: 5/5
  1952 | D:3      | Gained mutation: Spells you cast may paralyse nearby
                  | enemies. [demonic ancestry]
  1952 | D:3      | Reached XP level 6. HP: 26/49 MP: 6/6
  2454 | D:4      | Found a radiant altar of Vehumet.
  2529 | D:4      | Found a hide-covered altar of Uskayaw.
  2791 | D:4      | Found a staircase to the Ecumenical Temple.
  2816 | Temple   | Entered the Ecumenical Temple
  3177 | D:4      | Found a bloodstained altar of Trog.
  3178 | D:4      | Found an iron altar of Okawaru.
  3267 | D:4      | Noticed Edmund
  3275 | D:4      | Edmund changed into Edmund the steam dragon
  3275 | D:4      | Noticed Edmund
  3278 | D:4      | Edmund the steam dragon changed into Edmund the sky beast
  3278 | D:4      | Noticed Edmund
  3281 | D:4      | Noticed Edmund
  3281 | D:4      | Killed Edmund the golden eye
  3432 | D:5      | Entered Level 5 of the Dungeon
  3517 | D:5      | Gained mutation: You have a small tail. [demonic ancestry]
  3517 | D:5      | Reached XP level 7. HP: 45/55 MP: 7/7
  3754 | D:5      | Found Myell's Weapon Shoppe.
  3755 | D:5      | Noticed Dowan
  3755 | D:5      | Noticed Duvessa
  3767 | D:5      | Killed Duvessa
  3768 | D:5      | Reached skill level 5 in Fighting
  3769 | D:5      | Killed Dowan
  3855 | D:5      | Noticed Prince Ribbit
  3858 | D:5      | Prince Ribbit changed into Prince Ribbit the hornet
  3858 | D:5      | Noticed Prince Ribbit
  3861 | D:5      | Paralysed by Prince Ribbit for 3 turns
  3867 | D:5      | Mangled by Prince Ribbit the hornet

Illustrated notes

Levels and vault maps discovered:
D:1:      shiori_arrival_oz, layout_loops_cross, serial_rivers,
          chequers_serial_rivers_micro_c, chequers_serial_rivers_micro_a,
          chequers_serial_rivers_micro_e, chequers_serial_rivers_small_b,
          chequers_serial_rivers_small_3, chequers_serial_rivers_small_3,
          minmay_pentomino_o4
D:2:      layout_rooms, uniq_natasha
D:3:      layout_basic, uniq_grinder
D:4:      layout_rooms, grunt_temple_overflow_bloody_war,
          mainiacjoe_overflow_catwalk_spiral, temple_green, uniq_edmund
D:5:      layout_cave_pods, serial_shops, shop, uniq_eustachio, uniq_duvessa,
          uniq_prince_ribbit1
Temple:   hellmonk_temple_beads

Skill      XL: |  1  2  3  4  5  6  7 |
---------------+----------------------+-----
Axes           | 2 3 4 |  4.1
Armour         | 3 4 |  4.5
Dodging        | 1 2 3 |  3.5
Fighting       | 4 5 |  5.1
Shields        | |  2.6

Action                     |  1- 3 |  4- 6 |  7- 9 || total
---------------------------+-------+-------+-------++-------
  Melee: War axe           |    97 |    98 |    38 ||   233
         Unarmed           |       |     6 |       ||     6
         Punch             |       |     2 |       ||     2
         Tailslap          |       |       |     5 ||     5
  Evoke: Wand              |       |     9 |     1 ||    10
    Use: Potion            |     6 |     4 |     1 ||    11
         Scroll            |       |     7 |     1 ||     8
 Armour: Scale mail        |    49 |    42 |       ||    91
         Skin              |       |     5 |       ||     5
         Chain mail        |       |    30 |    16 ||    46
  Dodge: Dodged            |    63 |    78 |    23 ||   164

Table legend: (Time is in decaauts)
 A = Elapsed time spent in this place.
 B = Non-inter-level travel time spent in this place.
 C = Inter-level travel time spent in this place.
 D = Time resting spent in this place.
 E = Time spent auto-exploring this place.
 F = Levels seen in this place.
 G = Mean time per level.
                   A        B        C        D        E       F      G
               +--------+--------+--------+--------+--------+-----+--------+
         Total |   4008 |   3851 |    157 |    550 |   2605 |   6 |  668.0 |
       Dungeon |   3732 |   3575 |    157 |    450 |   2456 |   5 |  746.4 |
        Temple |    275 |    275 |      0 |    100 |    149 |   1 |  275.0 |
               +--------+--------+--------+--------+--------+-----+--------+

Top non-repeatable levels by time:
     D:3: 1100 daAuts
     D:1: 778 daAuts
     D:2: 744 daAuts
     D:4: 646 daAuts
     D:5: 462 daAuts
  Temple: 275 daAuts
